 Dungeon Crawl Stone Soup version 0.29.1-15-g9cfb28693d (webtiles) character file.

Game seed: 5466694821502259300

21 protoss039 the Digger (level 2, -9/21 HPs)
             Began as a Demonspawn Earth Elementalist on Mar 9, 2023.
             Mangled by Terence
             ... wielding a +0 mace
              (10 damage)
             ... on level 1 of the Dungeon.
             The game lasted 00:01:34 (1259 turns).

protoss039 the Digger (DsEE)                        Turns: 1259, Time: 00:01:35

Health: -9/21      AC:  5    Str:  8    XL:     2   Next: 62%
Magic:  5/5        EV: 11    Int: 16    God:
Gold:   15         SH:  0    Dex: 13    Spells: 2/5 levels left

rFire   . . .      SeeInvis +   e - +0 dagger
rCold   . . .      Faith    .   (no shield)
rNeg    . . .      Spirit   .   d - +0 leather armour
rPois   .          Reflect  .   (no helmet)
rElec   .          Harm     .   (no cloak)
rCorr   .          Rampage  .   (no gloves)
Will    .....                   (no boots)
Stlth   ++........              f - amulet of magic regeneration
HPRegen 0.07/turn               b - ring of see invisible
MPRegen 0.49/turn               (no ring)

@: no status effects
A: molten scales 1
a: no special abilities


You were on level 1 of the Dungeon.
You visited 1 branch of the dungeon, and saw 2 of its levels.

You collected 15 gold pieces.

Inventory:

Hand Weapons
 e - a +0 dagger (weapon)
Armour
 d - a +0 leather armour (worn)
Jewellery
 b - a ring of see invisible (left hand)
 f - an amulet of magic regeneration (around neck)
Scrolls
 a - a scroll of teleportation {unknown}
 g - a scroll of butterflies {unknown}
 h - a scroll of enchant weapon {unknown}
Potions
 c - a potion of heal wounds {unknown}
 i - a potion of cancellation {unknown}


   Skills:
 + Level 1.1 Fighting
 - Level 1.7 Dodging
 - Level 1.7 Stealth
 + Level 2.4 Spellcasting
 - Level 0.8 Transmutations
 + Level 3.0 Earth Magic


You had 2 spell levels left.
You knew the following spells:

 Your Spells              Type           Power      Damage    Failure   Level
a - Sandblast             Erth           22%        2d7       9%          1
b - Passwall              Tmut/Erth      6%         N/A       21%         2

Your spell library contained the following spells:

 Spells                   Type           Power      Damage    Failure   Level
 Static Discharge         Conj/Air       1%         3-4/arc   41%         2
 Stone Arrow              Conj/Erth      12%        3d7       43%         3
 Petrify                  Tmut/Erth      8%         N/A       78%         4
 Lightning Bolt           Conj/Air       0%         1d11      100%        5
 Maxwell's Capacitive Co  Air            0%         ∞         100%        8


Dungeon Overview and Level Annotations

Branches:
Dungeon (2/15) Zot: 10726

Altars:

Annotations:
D:1 Terence


Innate Abilities, Weirdness & Mutations

You are partially covered in molten scales. (AC +2)


Message History

You now have 15 gold pieces (gained 4).
Found a robe.
You see here a +0 robe.
Terence the Incautious comes into view.
He is wielding a +0 mace and wearing a +3 scale mail of cold resistance.
Terence shouts!
Unknown command.
You see here a +0 robe.
There is a stone staircase leading up here.
Casting: Sandblast (safe; 9% risk of failure)
Confirm with . or Enter, or press ? or * to list all spells.
Aiming: Sandblast (safe; 9% risk of failure)
Press: ? - help, Shift-Dir - straight line, f - Terence
Aim: Terence, wielding a +0 mace and wearing a +3 scale mail of cold resistance (84% to hit)
The blast of sand hits Terence but does no damage.
Magic restored.
Terence hits you but does no damage.
You climb upwards.
There is a stone staircase leading down here.
Unknown command.
Terence attacks as you move away! Terence hits you but does no damage.
Terence shouts, "DIE!!!"
Terence attacks as you move away! Terence hits you with a +0 mace.
Terence attacks as you move away! Terence closely misses you.
Terence shouts, "Now you die!"
There is an open door here.
Terence attacks as you move away! Terence barely misses you.
Terence attacks as you move away! Terence hits you with a +0 mace.
Terence attacks as you move away! Terence hits you with a +0 mace!
Terence attacks as you move away! Terence closely misses you.
Terence attacks as you move away! Terence hits you with a +0 mace.
* * * LOW HITPOINT WARNING * * *
Terence attacks as you move away! Terence hits you with a +0 mace.
* * * LOW HITPOINT WARNING * * *
Terence attacks as you move away! Terence barely misses you.
Terence attacks as you move away! Terence hits you with a +0 mace.
* * * LOW HITPOINT WARNING * * *
Terence attacks as you move away! Terence hits you with a +0 mace.
* * * LOW HITPOINT WARNING * * *
Terence says, "You're history."
Terence attacks as you move away! Terence hits you with a +0 mace!
You die...

#......# #......# #
#......# # #......# #
#......# # #......### #
#.>......##########
#......#....##.....
##@#...............
#@########.##.#### #.#
#.##.# #.########.##.#
#........#.##.#
#........+....#
#########........##..##
#................###.#####
###'#####......)####.....#


You could see Terence.

Vanquished Creatures
  A bat (D:1)
  An endoplasm (D:1)
  A giant cockroach (D:1)
  3 hobgoblins
  4 jackals (D:1)
  3 kobolds (D:1)
  A quokka (D:1)
  2 frilled lizards (D:1)
  2 rats (D:1)
18 creatures vanquished.

Notes
Turn   | Place    | Note
-------+----------+-------------------------------------------
     0 | D:1      | protoss039 the Demonspawn Earth Elementalist began the
                  | quest for the Orb.
     0 | D:1      | Reached XP level 1. HP: 13/13 MP: 3/3
   445 | D:1      | Gained mutation: You are partially covered in molten
                  | scales. (AC +2) [demonic ancestry]
   445 | D:1      | Reached XP level 2. HP: 5/20 MP: 1/5
   450 | D:1      | Reached skill level 1 in Fighting
   755 | D:1      | Reached skill level 3 in Earth Magic
   929 | D:1      | Found a faded altar of an unknown god.
  1153 | D:2      | Learned a level 2 spell: Passwall
  1191 | D:2      | Noticed Terence
  1255 | D:1      | HP: 1/21 [Terence/+0 mace (1)]
  1259 | D:1      | Mangled by Terence

Illustrated notes

Levels and vault maps discovered:
D:1:      ncdulo_lavacross, layout_basic, shapermc_ecumenical_altar_notcrosses
D:2:      layout_loops_cross, basic_altar, grunt_ministairs_11, uniq_terence

Skill      XL: |  1  2 |
---------------+-------+-----
Fighting       | 1 |  1.1
Earth Magic    | 3 |  3.0
Dodging        | |  1.7
Stealth        | |  1.7
Spellcasting   | |  2.4
Transmutations | |  0.8

Action                   || total
-------------------------++-------
Melee: Dagger            ||     7
       Unarmed           ||     2
 Cast: Sandblast         ||    30
  Use: Potion            ||     1
Armor: Leather armour    ||    18
       Robe              ||     2
Dodge: Dodged            ||    27
